 Dungeon Crawl Stone Soup version 0.29.1-12-g30fa7ad0bf (webtiles) character file.

Game seed: 8308708960188098490

30 xzight the Shield-Bearer (level 3, -2/35 HPs)
             Began as a Gnoll Fighter on Dec 27, 2022.
             Frozen to death by an endoplasm (4 damage)
             ... on level 2 of the Dungeon.
             The game lasted 00:03:07 (1054 turns).

xzight the Shield-Bearer (Gnoll Fighter)            Turns: 1054, Time: 00:03:07

Health: -2/35      AC:  7    Str: 17    XL:     3   Next: 20%
Magic:  4/4        EV:  9    Int:  7    God:
Gold:   32         SH:  5    Dex: 11    Spells: 3/3 levels left

rFire   . . .      SeeInvis .   a - +0 flail
rCold   . . .      Faith    .   c - +0 buckler
rNeg    . . .      Spirit   .   b - +0 scale mail
rPois   .          Reflect  .   (no helmet)
rElec   .          Harm     .   (no cloak)
rCorr   .          Rampage  .   (no gloves)
Will    .....                   (no boots)
Stlth   ..........              (no amulet)
HPRegen 0.11/turn               (no ring)
MPRegen 0.09/turn               (no ring)

@: no status effects
A: fangs 1, strong nose, distributed training
a: no special abilities


You were on level 2 of the Dungeon.
You visited 1 branch of the dungeon, and saw 2 of its levels.

You collected 32 gold pieces.


Innate Abilities, Weirdness & Mutations

You have very sharp teeth.
Your uncanny sense of smell can sniff out nearby items.
Your experience applies equally to all skills.


   Skills:
 + Level 6.5 Fighting
 + Level 0.7 Short Blades
 + Level 0.7 Long Blades
 + Level 0.7 Axes
 + Level 4.5 Maces & Flails
 + Level 0.7 Polearms
 + Level 0.7 Staves
 + Level 0.7 Ranged Weapons
 + Level 0.7 Throwing
 + Level 6.5 Armour
 + Level 0.7 Dodging
 + Level 0.7 Stealth
 + Level 6.5 Shields
 + Level 0.7 Unarmed Combat
 + Level 0.7 Spellcasting
 + Level 0.5 Conjurations
 + Level 0.5 Hexes
 + Level 0.5 Summonings
 + Level 0.5 Necromancy
 + Level 0.5 Translocations
 + Level 0.5 Transmutations
 + Level 0.5 Fire Magic
 + Level 0.5 Ice Magic
 + Level 0.5 Air Magic
 + Level 0.5 Earth Magic
 + Level 0.5 Poison Magic
 + Level 0.9 Invocations
 + Level 0.7 Evocations


You had 3 spell levels left.
You didn't know any spells.
Your spell library was empty.

Inventory:

Hand Weapons
 a - a +0 flail (weapon)
Armour
 b - a +0 scale mail (worn)
 c - a +0 buckler (worn)
Scrolls
 e - 2 scrolls of silence {unknown}
 f - a scroll of teleportation {unknown}
 i - 3 scrolls of noise {unknown}
 k - a scroll of butterflies {unknown}
 l - a scroll of vulnerability {unknown}
Potions
 d - a potion of might
 g - a potion of magic {unknown}
 h - 2 potions of attraction {unknown}
 j - a potion of curing {unknown}

Dungeon Overview and Level Annotations

Branches:
Dungeon (2/15)

Altars:

∆ .# .o# #.##### .# #r$#
#.....# .# #.S# #@##.#
#oo# ##J##.#
#..###.r##.#
#...#...##.######## ∆
#...#...........# ∆
#..####.....###.######
#..#####..#............
#..##.........###.###.##
#..##..........# #.# #.#


You could see an endoplasm and a rat.


Message History

The orc priest is moderately wounded.
The orc priest hits you with a +2 whip of pain.
You writhe in agony.
You barely miss the orc priest.
The orc priest is moderately wounded.
The orc priest barely misses you.
You thump the orc priest!
The orc priest is almost dead.
The orc priest hits you but does no damage.
You writhe in agony.
You block the orc priest's attack.
You closely miss the orc priest.
The orc priest is almost dead.
The orc priest hits you but does no damage.
You writhe in agony.
* * * LOW HITPOINT WARNING * * *
You hit the orc priest but do no damage.
The orc priest is almost dead.
The orc priest calls down the wrath of Beogh upon you.
Pain shoots through your body!
* * * LOW HITPOINT WARNING * * *
You hit the orc priest but do no damage.
The orc priest is almost dead.
The orc priest hits you but does no damage.
You writhe in agony.
* * * LOW HITPOINT WARNING * * *
You hit the orc priest.
You kill the orc priest!
The endoplasm freezes you.
You are frozen.
You die...

Action                   || total
-------------------------++-------
Melee: Flail             ||    63
       Bite              ||     4
Armor: Scale mail        ||    39
Dodge: Dodged            ||    34
Block: Buckler           ||    20

Levels and vault maps discovered:
D:1:      sevenhm_arrival_forest_fort_large_1, layout_loops_ring,
          hellmonk_ecumenical_altar_inner_sanctum, minmay_tetromino_o2
D:2:      minmay_alternating_diamond, layout_basic

Notes
Turn   | Place    | Note
-------+----------+-------------------------------------------
     0 | D:1      | xzight the Gnoll Fighter began the quest for the Orb.
     0 | D:1      | Reached XP level 1. HP: 23/23 MP: 1/1
   126 | D:1      | Reached XP level 2. HP: 20/29 MP: 2/2
   462 | D:1      | Found a faded altar of an unknown god.
   971 | D:2      | Reached XP level 3. HP: 35/35 MP: 3/3
  1053 | D:2      | HP: 2/35 [orc priest/+2 whip of pain (2)]
  1054 | D:2      | Frozen to death by an endoplasm

Vanquished Creatures
  An orc priest (D:2)
  2 orcs (D:2)
  3 bats (D:1)
  3 endoplasms
  2 goblins (D:1)
  3 hobgoblins
  3 kobolds (D:1)
  2 quokkas (D:1)
  2 ball pythons
  A frilled lizard (D:1)
  3 rats (D:1)
25 creatures vanquished.

Table legend: (Time is in decaauts)
 A = Elapsed time spent in this place.
 B = Non-inter-level travel time spent in this place.
 C = Inter-level travel time spent in this place.
 D = Time resting spent in this place.
 E = Time spent auto-exploring this place.
 F = Levels seen in this place.
 G = Mean time per level.
                   A        B        C        D        E       F      G
               +--------+--------+--------+--------+--------+-----+--------+
         Total |   1071 |   1056 |     15 |     93 |    730 |   2 |  535.5 |
       Dungeon |   1071 |   1056 |     15 |     93 |    730 |   2 |  535.5 |
               +--------+--------+--------+--------+--------+-----+--------+

Top non-repeatable levels by time:
     D:1: 963 daAuts
     D:2: 107 daAuts

Table legend:
 A = Non-vault XP
 B = Vault XP
 C = Vault XP percentage of total XP
 D = Non-vault monster count
 E = Vault monster count
 F = Vault count percentage of total count
                 A         B        C        D         E       F
            +---------+---------+-------+---------+---------+-------
      Total |      75 |      10 |  11.8 |      19 |       6 |  24.0
            +---------+---------+-------+---------+---------+-------
        D:1 |      24 |       8 |  25.0 |      14 |       5 |  26.3
        D:2 |      51 |       2 |   3.8 |       5 |       1 |  16.7
            +---------+---------+-------+---------+---------+-------
